 Dungeon Crawl Stone Soup version 0.27-a0-343-gfcad680f63 (webtiles) character file.

Game seed: 2739866194781952056

2871 inc the Bewitcher (level 9, -2/39 HPs)
             Began as a Felid Enchanter on Feb 14, 2021.
             Was a High Priest of Ru.
             Slain by a cane toad (21 damage)
             ... on level 4 of the Lair of Beasts.
             The game lasted 00:51:14 (24947 turns).

inc the Bewitcher (Felid Enchanter)                Turns: 24947, Time: 00:51:15

Health: -2/39      AC:  2    Str: 10    XL:     9   Next: 47%
Magic:  17/20      EV: 27    Int: 24    God:    Ru [*****.]
Gold:   651        SH:  5    Dex: 19    Spells: 5/22 levels left
                                        Lives:  0   Deaths: 3

rFire    . . .     SeeInvis +     - Unarmed
rCold    + . .     Faith    .   (shield unavailable)
rNeg     . . .     Spirit   .   (armour unavailable)
rPois    .         Reflect  +   (helmet unavailable)
rElec    .         Harm     .   (cloak unavailable)
rCorr    .         Rampage  .   (gloves unavailable)
Will     ++...                  (boots unavailable)
Stlth    +++++.....             h - amulet of Zunnacan {Reflect rC+ Will+ Str+6 SH+5}
HPRegen  0.13/turn              (ring unavailable)
MPRegen  0.17/turn              z - +6 ring of intelligence

@: lethally poisoned (-2 -> -14), quick
A: very small, no armour, no weapons or thrown items, stealth, claws 1, fangs 3,
see invisible, speed 1, shaggy fur 2, missing a hand, inability to use devices,
sharp paws, missing an eye
a: Renounce Religion, Draw Out Power, Power Leap, Apocalypse


You were on level 4 of the Lair of Beasts.
You worshipped Ru.
Ru was extremely pleased with you.
You visited 3 branches of the dungeon, and saw 17 of its levels.
You also visited: Sewer and Ossuary.

You collected 651 gold pieces.

Inventory:

Jewellery
 h - the amulet of Zunnacan (around neck) {Reflect rC+ Will+ Str+6 SH+5}
   (You found it in an ossuary)

   [amulet of reflection]

   It shields you and reflects attacks.
   It affects your strength (+6).
   It protects you from cold.
   It affects your willpower, your defense against some magical effects.
   It affects your SH (+5).
 w - a ring of fire
 z - a +6 ring of intelligence (right paw)
Wands
 c - a wand of charming (4)
 d - a wand of polymorph (7)
Scrolls
 e - a scroll of acquirement {unknown}
 f - 4 scrolls of enchant weapon {unknown}
 m - 2 scrolls of fear {unknown}
 p - a scroll of blinking
 q - 2 scrolls of immolation
 s - 5 scrolls of teleportation {unknown}
 t - 3 scrolls of amnesia
 u - 2 scrolls of fog {unknown}
 y - a scroll of magic mapping {unknown}
 B - 10 scrolls of identify
 C - a scroll of random uselessness {unknown}
 D - a scroll of noise {unknown}
Potions
 a - 6 potions of heal wounds
 b - 4 potions of haste
 g - 11 potions of curing
 i - 3 potions of magic
 j - 4 potions of attraction
 k - 4 potions of flight
 l - 5 potions of might
 n - a potion of cancellation {unknown}
 o - a potion of mutation
 r - a potion of lignification {unknown}
 v - 2 potions of resistance
 x - a potion of brilliance {unknown}
 A - a potion of berserk rage {unknown}


   Skills:
 - Level 4.1 Fighting
 - Level 10.2 Dodging
 + Level 9.5 Stealth
 + Level 4.8 Unarmed Combat
 - Level 7.0 Spellcasting
 - Level 16.6 Hexes
 - Level 4.1 Summonings
 - Level 1.2 Ice Magic


You had 5 spell levels left.
You knew the following spells:

 Your Spells              Type           Power        Failure   Level
a - Dazzling Flash        Conj/Hex       96%          1%          3
b - Ensorcelled Hibernat  Hex/Ice        100%         1%          2
c - Confusing Touch       Hex            73%          1%          3
d - Summon Mana Viper     Hex/Summ       55%          2%          5
g - Cause Fear            Hex            36%          1%          4

Your spell library contained the following spells:

 Spells                   Type           Power        Failure   Level
 Corona                   Hex            81%          0%          1
 Slow                     Hex            73%          0%          2
 Inner Flame              Hex/Fire       48%          1%          3
 Tukima's Dance           Hex            73%          1%          3
 Leda's Liquefaction      Hex/Erth       24%          2%          4
 Freeze                   Ice            56%          4%          1
 Metabolic Englaciation   Hex/Ice        25%          4%          5
 Yara's Violent Unravell  Hex/Tmut       24%          6%          5
 Frozen Ramparts          Ice            28%          13%         3
 Ozocubu's Armour         Ice            14%          13%         3
 Gell's Gravitas          Tloc           4%           22%         3
 Summon Ice Beast         Ice/Summ       21%          24%         4
 Hailstorm                Conj/Ice       11%          50%         4
 Petrify                  Tmut/Erth      8%           56%         4
 Summon Forest            Summ/Tloc      9%           63%         5
 Shadow Creatures         Summ           N/A          90%         6
 Summon Hydra             Summ           14%          100%        7
 Portal Projectile        Hex/Tloc       Unusable     N/A         3

Dungeon Overview and Level Annotations

Branches:
Dungeon (12/15)            Temple (1/1) D:4            Lair (4/6) D:9
  Swamp (0/4) Lair:2        Sewer (visited)         Ossuary (visited)
  Snake: Lair:2-4    Spider: Lair:2-4       Orc: D:9-12

Altars:
Ashenzari
Cheibriados
Dithmenos
Elyvilon
Fedhas
Gozag
Hepliaklqana
Kikubaaqudgha
Makhleb
Nemelex Xobeh
Okawaru
Qazlal
Ru
Sif Muna
Trog
Uskayaw
Vehumet
Wu Jian
Xom
Yredelemnul
Zin
The Shining One

Shops:
D:6 [   D:8 *

Annotations:
D:8 exclusion: statue
Lair:1 Maggie


Innate Abilities, Weirdness & Mutations

You cannot wear armour.
You are incapable of wielding weapons or throwing items.
Your paws allow you to move quietly. (Stealth)
You have sharp claws.
You have razor-sharp teeth.
You have supernaturally acute eyesight. (SInv)
You cover ground quickly.
You are covered in thick fur. (AC +2)
You are missing a hand.
You cannot study or use magical devices.
Your sharp claws are effective at attacking unaware monsters.
You are missing an eye, making it more difficult to aim.


Message History

You hear a howl!
A cane toad comes into view.
The cane toad gives a loud, deep croak!
A cane toad is nearby!
Found a dagger.
Casting: Cause Fear (safe; 1% risk of failure)
Confirm with . or Enter, or press ? or * to list all spells.
Aiming: Ensorcelled Hibernation (safe; 1% risk of failure)
Press: ? - help, Shift-Dir - straight line, f - cane toad
Aim: a cane toad (chance to affect: 72%)
The cane toad looks drowsy...
The cane toad gives a loud, deep croak!
You block the cane toad's attack.
You barely miss the cane toad. The cane toad completely misses you.
Found a stone staircase leading down.
Casting: Ensorcelled Hibernation (safe; 1% risk of failure)
Confirm with . or Enter, or press ? or * to list all spells.
Your paw begins to glow red.
The cane toad misses you.
You scratch the cane toad but do no damage.
The cane toad appears confused.
You block the cane toad's attack.
You scratch the cane toad but do no damage.
You block the cane toad's attack.
You claw the cane toad! You bite the cane toad.
The cane toad is moderately wounded.
You barely miss the cane toad.
The cane toad is moderately wounded.
The cane toad stings you!
You are poisoned.
The cane toad poisons you!
You scratch the cane toad.
The cane toad is moderately wounded.
You feel sick.
You feel sick.
You feel sick. The cane toad misses you.
Found a long sword.
You scratch the cane toad.
The cane toad is heavily wounded.
You feel sick. The cane toad stings you!!
Ouch! That really hurt!
You die...

.....
.................# #
...........###....##
#...........###....#
.............#.#.###
.............#####
..........^..#
.............#
............##
)......@...##
......F...#.#
#......)..###
#...>.....#
.##.......#
##..##..# #.# #..#
## #.#


You could see a cane toad (confused).

Vanquished Creatures
  2 bog bodies (Lair:2)
  3 cane toads (Lair:3)
  A centaur skeleton (D:10)
  A komodo dragon (Lair:1)
  A rime drake (Lair:3)
  A hornet (D:11)
  A polar bear (Lair:3)
  4 blink frogs
  19 yaks
  A wyvern (Lair:3)
  A wraith (Ossuary)
  A basilisk (Lair:2)
  4 orc warriors
  A water moccasin (Lair:1)
  2 black bears
  4 sky beasts
  3 ice beasts
  The ghost of kae the Ruffian, an amateur DrTm (D:3)
  3 ogres
  6 wolves (Lair:2)
  10 centaurs
  3 kobold brigands
  9 bullfrogs
  3 scorpions (D:9)
  4 killer bees
  11 wights
  3 electric eels (Lair:1)
  A howler monkey (D:7)
  3 orc priests
  9 hounds
  A human zombie (Ossuary)
  A jelly (D:5)
  2 bullfrog skeletons
  3 gnoll shamans (D:4)
  3 iguanas
  8 orc wizards
  4 worker ants
  A hound zombie (D:5)
  4 hound skeletons
  3 mummies (Ossuary)
  38 gnolls
  11 adders
  A howler monkey skeleton (D:11)
  A river rat (D:3)
  A shadow imp (D:8)
  3 white imps
  3 ufetubi
  An adder zombie (D:6)
  An ooze (D:3)
  An adder skeleton (D:7)
  6 worms
  3 dart slugs
  4 leopard geckos
  25 orcs
  6 ball pythons
  6 giant cockroaches
  9 goblins
  6 hobgoblins
  25 jackals
  4 quokkas
  8 bats
  7 frilled lizards
  5 goblin zombies (Ossuary)
  A hobgoblin zombie (Ossuary)
  35 kobolds
  A kobold zombie (Ossuary)
  A leopard gecko zombie (D:5)
  12 rats
371 creatures vanquished.

Vanquished Creatures (others)
  A yak (D:11)
  A wraith (D:10)
  A gnoll (D:6)
  16 fungi
  35 plants
54 creatures vanquished.

Grand Total: 425 creatures vanquished

Notes
Turn   | Place    | Note
-------+----------+-------------------------------------------
     0 | D:1      | inc the Felid Enchanter began the quest for the Orb.
     0 | D:1      | Reached XP level 1. HP: 7/7 MP: 4/4
    23 | D:1      | Found a broken altar of Ashenzari.
   269 | D:1      | Reached XP level 2. HP: 11/11 MP: 6/6
   580 | D:1      | Learned a level 2 spell: Ensorcelled Hibernation
  1257 | D:2      | Reached XP level 3. HP: 14/14 MP: 7/7
  2121 | D:2      | Found an iron altar of Okawaru.
  2246 | D:2      | Reached skill level 5 in Stealth
  2674 | D:2      | Found a glowing golden altar of the Shining One.
  3000 | D:2      | Reached XP level 4. HP: 18/18 MP: 8/8
  3356 | D:3      | Found a runed translucent door.
  3362 | D:3      | Noticed kae's ghost (amateur DrTm)
  3444 | D:3      | Reached skill level 1 in Ice Magic
  3508 | D:3      | Found a glowing drain.
  3512 | Sewer    | Entered a sewer
  3814 | Sewer    | Reached skill level 5 in Hexes
  4148 | Sewer    | Learned a level 3 spell: Confusing Touch
  5074 | D:3      | Reached XP level 5. HP: 21/21 MP: 6/9
  5126 | D:3      | Reached skill level 6 in Hexes
  6785 | D:3      | Killed kae's ghost
  6786 | D:3      | Gained mutation: You are covered in thick fur. (AC +2)
                  | [Felid growth]
  6786 | D:3      | Reached XP level 6. HP: 25/27 MP: 5/10
  7134 | D:4      | Found a staircase to the Ecumenical Temple.
  7383 | Temple   | Entered the Ecumenical Temple
  7607 | Temple   | Became a worshipper of Ru the Awakened
  7810 | D:4      | Found a blossoming altar of Fedhas.
  8704 | D:4      | Reached skill level 1 in Evocations
  8913 | D:4      | Reached XP level 7. HP: 24/32 MP: 5/11
  9293 | D:5      | Entered Level 5 of the Dungeon
  9501 | D:5      | HP: 1/32 [ufetubus (4)]
  9506 | D:4      | HP: 1/32 [ufetubus (1)]
 11654 | D:4      | Gained mutation: You are missing a hand. [Ru sacrifice]
 11654 | D:4      | Reached * piety under Ru
 11654 | D:4      | Reached ** piety under Ru
 12918 | D:5      | Reached XP level 8. HP: 4/36 MP: 7/12
 13409 | D:5      | Reached skill level 5 in Dodging
 14763 | D:6      | Found Qicw's Antique Armour Boutique.
 15021 | D:6      | Found a hide-covered altar of Uskayaw.
 15383 | D:7      | Found a burning altar of Makhleb.
 15444 | D:7      | Gained mutation: You are missing an eye, making it more
                  | difficult to aim. [Ru sacrifice]
 15444 | D:7      | Reached *** piety under Ru
 16318 | D:8      | Found Fiuniem's General Store.
 16357 | D:8      | Found a radiant altar of Vehumet.
 16391 | D:8      | Reached skill level 10 in Dodging
 16391 | D:8      | Reached XP level 9. HP: 24/39 MP: 0/13
 16555 | D:8      | Found a sand-covered staircase.
 16561 | Ossuary  | Entered an ossuary
 16759 | Ossuary  | Reached skill level 7 in Hexes
 16788 | Ossuary  | Got a clouded steel amulet
 16796 | Ossuary  | Identified the amulet of Zunnacan {Reflect rC+ Will+ Str+6
                  | SH+5} (You found it in an ossuary)
 16987 | Ossuary  | Reached skill level 8 in Hexes
 17415 | D:8      | Reached skill level 9 in Hexes
 18256 | D:9      | Reached skill level 10 in Hexes
 18283 | D:9      | Gained mutation: You cannot study or use magical devices.
                  | [Ru sacrifice]
 18283 | D:9      | Reached **** piety under Ru
 18283 | D:9      | Reached ***** piety under Ru
 18402 | D:9      | Reached skill level 11 in Hexes
 18699 | D:9      | Found a staircase to the Lair.
 18828 | D:9      | Reached skill level 12 in Hexes
 18994 | D:9      | Found a bloodstained altar of Trog.
 19424 | D:10     | Entered Level 10 of the Dungeon
 19598 | D:10     | Reached skill level 13 in Hexes
 19627 | D:10     | Reached XP level 10. HP: 42/42 MP: 8/14
 20451 | D:11     | Reached skill level 14 in Hexes
 20453 | D:11     | Noticed a boulder beetle
 20563 | D:11     | Reached skill level 15 in Hexes
 20583 | D:11     | HP: 2/42 [boulder beetle (35)]
 20628 | D:12     | HP: 2/42 [black bear (6)]
 21039 | D:11     | Reached skill level 16 in Hexes
 21493 | D:11     | Demolished by a boulder beetle
 21494 | D:11     | Reached XP level 9. HP: -18/31 MP: 13/13
 21576 | Lair:1   | Entered Level 1 of the Lair of Beasts
 21578 | Lair:1   | Noticed a komodo dragon
 21586 | Lair:1   | Learned a level 4 spell: Cause Fear
 21597 | Lair:1   | Killed a komodo dragon
 21922 | Lair:1   | Reached XP level 10. HP: 27/42 MP: 9/15
 22079 | Lair:1   | Noticed Maggie
 22544 | Lair:2   | Reached skill level 5 in Spellcasting
 22666 | Lair:2   | Noticed a bog body
 22669 | Lair:2   | Found a staircase to the Swamp.
 22782 | Lair:1   | Learned a level 5 spell: Summon Mana Viper
 22787 | Lair:2   | Noticed a bog body
 22943 | Lair:2   | Learned a level 3 spell: Dazzling Flash
 23635 | Lair:2   | Killed a bog body
 23636 | Lair:2   | Reached XP level 11. HP: 43/46 MP: 22/22
 23660 | Lair:2   | Killed a bog body
 24314 | Lair:3   | Noticed a boulder beetle
 24420 | Lair:3   | Killed from afar by a rime drake
 24421 | Lair:3   | Reached XP level 10. HP: -4/42 MP: 16/21
 24548 | Lair:3   | Noticed a cane toad
 24563 | Lair:3   | Killed a cane toad
 24759 | Lair:3   | Noticed a cane toad
 24819 | Lair:3   | Killed a cane toad
 24852 | Lair:3   | Mangled by a blink frog
 24853 | Lair:3   | Reached XP level 9. HP: -10/37 MP: 10/20
 24870 | Lair:4   | Noticed a rime drake
 24879 | Lair:4   | Noticed a cane toad
 24947 | Lair:4   | Slain by a cane toad

Illustrated notes

Levels and vault maps discovered:
D:1:      tarquinn_simple_flora_water_b, layout_basic,
          nicolae_ashenzari_panopticon
D:2:      layout_basic, general_overflow_altar, overflow_temple_1_default
D:3:      layout_loops_ring, gup_sewer_entry_bowl, ebering_ghost_sewer_d,
          kennysheep_generic_room_6
D:4:      lemuel_castle_with_subvaults [lemuel_castle_interior_carwin_2],
          layout_basic, minmay_temple_entry_purple_smoke,
          fedhas_altar_fruit_tree
D:5:      layout_layer_cave, minmay_misc_feat_iff, chequers_decorated_corner,
          kennysheep_generic_room_10
D:6:      layout_basic, basic_altar, serial_shops, shop
D:7:      layout_basic, overflow_temple_1_default, hex_large
D:8:      layout_basic, vehumet_statue, serial_shops, shop,
          nicolae_ossuary_entry_plus, chequers_serial_rivers_small_3
D:9:      layout_layer_cave, overflow_temple_1_default,
          grunt_lair_entry_orc_guard_hut
D:10:     layout_stronghold
D:11:     layout_irregular_city, gauntlet_entry_generic
D:12:     layout_gridville, orc_0_dummy, uniq_frances
Temple:   minmay_crystal_spiral_temple
Lair:1:   layout_cave_pods, lemuel_old_faithful, serial_bayou_shore_a,
          infiniplex_staircase_pool, uniq_maggie
Lair:2:   layout_gridlike, skrybe_swamp_entry_bodies, st_stairs_12
Lair:3:   layout_layer_cave, dummy_snake_entry, nicolae_volcano_entry_s_turn,
          beast_lair_carwin_2, grunt_megastairs_3, uniq_gastronok
Lair:4:   layout_cave_pods, beast_lair_carwin_5

Skill      XL: |  1  2  3  4  5  6  7  8  9 10 11 |
---------------+----------------------------------+-----
Unarmed Combat | 2 3 4 |  4.8
Stealth        | 5 8 9 |  9.5
Ice Magic      | 1 |  1.2
Hexes          | 5 6 13 16 | 16.6
Fighting       | 2 4 |  4.1
Evocations     | 1 0 |  0.0
Dodging        | 3 10 | 10.2
Spellcasting   | 3 7 |  7.0
Summonings     | 2 4 |  4.1

Action                   |  1- 3 |  4- 6 |  7- 9 | 10-12 || total
-------------------------+-------+-------+-------+-------++-------
Melee: Unarmed           |    85 |   190 |   385 |   205 ||   865
       Bite              |     2 |    15 |    25 |    20 ||    62
 Cast: Ensorcelled Hiber |    38 |   130 |   171 |    79 ||   418
       Confusing Touch   |       |     1 |    15 |    10 ||    26
       Dazzling Flash    |       |       |       |    13 ||    13
       Cause Fear        |       |       |       |     3 ||     3
Invok: Sacrifice a Hand  |       |       |     1 |       ||     1
       Sacrifice an Eye  |       |       |     1 |       ||     1
       Power Leap        |       |       |     4 |     7 ||    11
       Draw Out Power    |       |       |     1 |     8 ||     9
       Sacrifice Artific |       |       |     1 |       ||     1
       Apocalypse        |       |       |       |     2 ||     2
       Reject Sacrifices |       |       |       |     1 ||     1
 Abil: Evoke Flight      |       |       |     2 |       ||     2
  Use: Scroll            |       |     1 |    12 |     3 ||    16
       Potion            |       |       |     1 |     2 ||     3
 Stab: Sleeping          |    29 |    79 |   103 |    57 ||   268
       Confused          |       |     4 |    18 |    13 ||    35
       Distracted        |       |       |     1 |       ||     1
       Invisible         |       |       |     1 |     4 ||     5
Armor: Skin              |     4 |    15 |    17 |     3 ||    39
Dodge: Dodged            |    59 |   164 |   295 |   221 ||   739
Block: Other             |       |       |    23 |    42 ||    65
       Reflection        |       |       |       |     1 ||     1

Table legend: (Time is in decaauts)
 A = Elapsed time spent in this place.
 B = Non-inter-level travel time spent in this place.
 C = Inter-level travel time spent in this place.
 D = Time resting spent in this place.
 E = Time spent auto-exploring this place.
 F = Levels seen in this place.
 G = Mean time per level.
                   A        B        C        D        E       F      G
               +--------+--------+--------+--------+--------+-----+--------+
         Total |  22487 |  21838 |    649 |   7401 |   9407 |  19 | 1183.5 |
       Dungeon |  17614 |  17124 |    490 |   5556 |   7797 |  12 | 1467.8 |
        Temple |    204 |    140 |     64 |      0 |    100 |   1 |  204.0 |
          Lair |   3032 |   2937 |     95 |   1114 |   1119 |   4 |  758.0 |
         Sewer |   1077 |   1077 |      0 |    585 |    295 |   1 | 1077.0 |
       Ossuary |    558 |    558 |      0 |    145 |     95 |   1 |  558.0 |
               +--------+--------+--------+--------+--------+-----+--------+

Top non-repeatable levels by time:
     D:4: 4805 daAuts
     D:3: 2577 daAuts
     D:2: 1584 daAuts
     D:1: 1569 daAuts
     D:5: 1533 daAuts
  Lair:2: 1442 daAuts
     D:9: 1437 daAuts
     D:8: 1092 daAuts
   Sewer: 1077 daAuts
    D:10: 913 daAuts
  Lair:1: 857 daAuts
    D:11: 672 daAuts
  Lair:3: 669 daAuts
     D:7: 599 daAuts
     D:6: 563 daAuts
